 Dungeon Crawl Stone Soup version 0.16.2-12-gd0ad4c3 (webtiles) character file.

98459 faibistes the Eclecticist (level 15, -6/92 HPs)
             Began as a Deep Elf Wizard on Feb 4, 2019.
             Was the Champion of Sif Muna.
             Shot with a poisoned arrow by Nessos (11 damage)
             ... on level 1 of the Shoals.
             The game lasted 02:09:42 (44349 turns).

faibistes the Eclecticist (Deep Elf Wizard)        Turns: 44349, Time: 02:09:43

Health: -6/92      AC:  8    Str:  4    XL:     15   Next: 74%
Magic:  15/39      EV: 17    Int: 39    God:    Sif Muna [******]
Gold:   873        SH:  0    Dex: 13    Spells: 12 memorised, 5 levels left

rFire  . . .     SeeInvis .     w - +8 short sword "Spiderbane" {flame, rPois}
rCold  . . .     Clarity  .     y - +2 robe {MR+}
rNeg   + . .     SustAb   .     (no shield)
rPois  +         Gourm    .     b - +0 hat
rElec  .         Spirit   .     i - +0 cloak "Quzuink" {MR+ Regen+ Stlth+}
rCorr  .         Warding  +     O - +2 pair of gloves
rMut   .         Stasis   .     (no boots)
MR     +++..                    t - amulet of warding
Stlth  ++++......               T - +3 ring of intelligence
                                v - +6 ring of intelligence

@: about to teleport, repel missiles, extremely resistant to hostile
enchantments, stealthy
A: camouflage 1
a: Channel Energy, Forget Spell, Renounce Religion


You were on level 1 of the Shoals.
You worshipped Sif Muna.
Sif Muna was exalted by your worship.
You were not hungry.

You visited 6 branches of the dungeon, and saw 27 of its levels.
You visited 1 bazaar.

You collected 2422 gold pieces.
You spent 1549 gold pieces at shops.

Inventory:

Hand weapons
 w - the +8 short sword "Spiderbane" (weapon) {flame, rPois}
   (You bought it in a shop in a bazaar)

   It has been specially enchanted to burn those struck by it, causing extra
   injury to most foes and up to half again as much damage against particularly
   susceptible opponents.
   It protects you from poison.
 Z - the +1 dagger of Shresiod {speed, rElec rN+ Int-2 Dex+3}
   (You found it on level 8 of the Lair of Beasts)

   Attacks with this weapon are significantly faster.
   It affects your intelligence (-2).
   It affects your dexterity (+3).
   It insulates you from electricity.
   It protects you from negative energy.
Armour
 b - a +0 hat (worn)
 i - the +0 cloak "Quzuink" (worn) {MR+ Regen+ Stlth+}
   (You bought it in a shop on level 4 of the Orcish Mines)

   It affects your resistance to hostile enchantments.
   It increases your rate of regeneration.
   It makes you more stealthy.
 y - a +2 robe of magic resistance (worn)
 O - a +2 pair of gloves (worn)
Magical staves
 j - an uncursed staff of cold
 Y - an uncursed staff of wizardry
Rods
 z - a -2 lightning rod (10/10)
   (You found it on level 2 of the Elven Halls)
Jewellery
 c - an uncursed ring of poison resistance
 p - an uncursed ring of protection from cold
 t - an amulet of warding (around neck)
 v - a +6 ring of intelligence (left hand)
 F - a +3 ring of strength
 P - an uncursed ring of protection from fire
 T - a +3 ring of intelligence (right hand)
Magical devices
 e - a wand of fireball (2)
 B - a wand of confusion (22)
 C - a wand of disintegration (6)
 I - a wand of fire (0)
 M - a wand of draining (5)
 R - a wand of teleportation (1)
 S - a wand of confusion (25)
 U - a wand of digging (15)
 W - a wand of heal wounds (6)
Scrolls
 a - a scroll of immolation
 g - a scroll of fear
 h - 13 scrolls of remove curse
 k - 5 scrolls of magic mapping
 q - a scroll of blinking
 x - 3 scrolls of teleportation
 D - a scroll of identify
 K - a scroll of fog
Potions
 f - 6 potions of haste
 m - 7 potions of restore abilities
 r - a potion of cancellation
 s - 5 potions of heal wounds
 u - 8 potions of curing
 A - a potion of resistance
 E - a potion of invisibility
 G - 5 potions of might
 J - 2 potions of ambrosia
 Q - a potion of flight
 V - 3 potions of brilliance
Books
 H - a book of Debilitation

   Spells                             Type                      Level
   a - Corona                         Hexes                        1
   b - Slow                           Hexes                        2
   c - Inner Flame                    Hexes/Fire                   3
   d - Enslavement                    Hexes                        4
   e - Cause Fear                     Hexes                        4
   f - Leda's Liquefaction            Hexes/Earth                  4
Comestibles
 d - 11 bread rations
 l - 4 fruits
 n - 2 chunks of flesh
 o - 7 meat rations


   Skills:
 + Level 9.7 Fighting
 - Level 10.0 Dodging
 - Level 2.4 Stealth
 * Level 16.0 Spellcasting
 * Level 10.1 Conjurations
 - Level 7.0 Charms
   Level 2.4 Summonings
 * Level 8.6 Translocations
 - Level 3.0 Transmutations
 * Level 9.9 Fire Magic
 - Level 1.2 Air Magic
 * Level 10.3 Earth Magic
 - Level 1.3 Poison Magic
 * Level 9.7 Invocations
 - Level 9.1 Evocations


You had 5 spell levels left.
You knew the following spells:

 Your Spells              Type           Power        Failure   Level  Hunger
a - Magic Dart            Conj           ####         0%          1    None
b - Conjure Flame         Conj/Fire      #######.     1%          3    None
c - Iskenderun's Battles  Conj/Chrm      #######.     1%          5    None
d - Blink                 Tloc           N/A          1%          2    None
e - Mephitic Cloud        Conj/Pois/Air  ######..     1%          3    None
f - Repel Missiles        Chrm/Air       ######       1%          2    None
g - Iron Shot             Conj/Erth      #######...   2%          6    None
h - Swiftness             Chrm/Air       ######..     1%          2    None
j - Passwall              Trmt/Erth      ######....   1%          3    None
l - Lee's Rapid Deconstr  Erth           #######...   1%          5    None
v - Bolt of Magma         Conj/Fire/Erth #######...   1%          5    None
z - Iskenderun's Mystic   Conj           #######.     1%          4    None


Dungeon Overview and Level Annotations

Branches:
Dungeon (10/15)            Temple (1/1) D:6            Lair (8/8) D:9
 Shoals (2/5) Lair:5       Spider (0/5) Lair:3        Slime (0/6) Lair:8
    Orc (4/4) D:9             Elf (2/3) Orc:3

Altars:
Ashenzari
Cheibriados
Dithmenos
Elyvilon
Fedhas
Gozag
Kikubaaqudgha
Makhleb
Nemelex Xobeh
Okawaru
Qazlal
Ru
Sif Muna
Trog
Vehumet
Xom
Yredelemnul
Zin
The Shining One
Beogh

Shops:
D:4 [   Orc:4 *!}([*

Annotations:
D:2 Crazy Yiuf
Shoals:1 Nessos
Elf:2 3 runed doors


Innate Abilities, Weirdness & Mutations

Your skin changes colour to match your surroundings (Stealth).


Message History

Found a potion of agility and a scroll of identify.
Found a stone staircase leading down.
Read which item? (? for menu, Esc to quit)
As you read the scroll of teleportation, it crumbles to dust.
You feel strangely unstable.
Casting: Blink
Confirm with . or Enter, or press ? or * to list all spells.
Aiming: Magic Dart
Press: ? - help, Shift-Dir - straight line, f - sea snake
Aim: a sea snake (almost dead)
The magic dart hits the plant.
The barrage of energy hits the sea snake.
You kill the sea snake!
Nessos shouts!
Nessos wields a longbow of flaming.
It bursts into flame!
Nessos shoots a poisoned arrow.
The poisoned arrow closely misses you.
Nessos shoots a poisoned arrow.
The poisoned arrow hits you!!
* * * LOW HITPOINT WARNING * * *
The poisoned arrow burns you!
You die...

#..##>.≈≈≈≈§≈≈≈≈≈≈≈≈≈≈≈
..##...≈≈≈.§§....≈≈≈≈≈≈
....?..[.#####..≈≈≈≈≈≈≈≈
.........# #...≈≈≈≈≈≈≈!≈
.≈≈....≈.# #...≈≈≈≈≈≈≈≈≈
≈≈≈≈≈≈≈≈.P.#...≈P.c≈≈≈≈≈≈
..≈≈≈≈≈.........*..≈≈≈≈≈≈
≈≈≈≈≈...........##.≈≈≈≈≈
≈≈.#####...P@# ≈≈≈
#(...≈....≈≈.≈≈
#P.?≈≈>≈≈≈≈≈≈≈
..P≈≈≈.≈≈≈≈≈≈≈≈
.≈P≈≈..≈≈≈≈≈≈≈≈
≈≈P≈≈≈≈≈≈≈≈≈≈ ≈≈≈P≈≈≈≈≈≈≈
≈≈≈≈≈≈≈≈≈ ≈≈≈


You could see Nessos.

Vanquished Creatures
  Nikola (Elf:2)
  2 orc warlords
  An apis (Elf:1)
  A deep elf demonologist (Elf:1)
  A deep elf annihilator (Elf:1)
  A deep elf death mage (Elf:1)
  2 fire dragons (Elf:1)
  11 hydras
  Erica (Lair:5)
  4 dancing weapons (Elf:2)
  6 death yaks (Lair:8)
  The ghost of faibistes the Thaumaturge, a powerful DEWz of Sif Muna (Lair:1)
  2 orc high priests
  Nergalle (Lair:6)
  7 deep elf knights
  A sea snake (Shoals:1)
  2 harpies (Shoals:2)
  6 deep elf summoners
  Pikel (D:7)
  A necromancer (Elf:1)
  9 deep elf conjurers
  6 griffons (Elf:1)
  An orc sorcerer (Orc:3)
  12 elephants
  A siren (Shoals:1)
  4 manticores (Elf:1)
  Joseph (D:8)
  3 black mambas
  A torpor snail (Lair:6)
  Psyche (D:8)
  5 fire drakes
  21 spiny frogs
  10 komodo dragons
  4 trolls
  3 polar bears
  7 deep elf priests
  Grinder (D:4)
  Prince Ribbit (D:9)
  A giant leech (Lair:7)
  4 two-headed ogres
  A boulder beetle (Lair:8)
  9 blink frogs
  3 basilisks
  2 large abominations (Elf:1)
  A snapping turtle (Lair:5)
  A wyvern (Lair:4)
  A tarantella (Orc:3)
  A hungry ghost (D:7)
  Eustachio (D:4)
  24 yaks
  15 deep elf fighters
  27 deep elf magi
  8 vampire mosquitoes
  14 hippogriffs
  3 wargs
  Edmund (D:5)
  8 wolves
  5 hell hounds (Elf:1)
  18 water moccasins
  A phantom (D:6)
  7 ice beasts
  3 slaves (D:7)
  A necrophage (D:9)
  12 porcupines
  A sky beast (D:9)
  29 orc warriors
  2 black bears
  13 ogres
  7 elf zombies
  19 crocodiles
  A centaur (D:7)
  An ogre (shapeshifter) (Elf:1)
  Duvessa (D:5)
  A big kobold (D:9)
  26 giant frogs
  Blork the orc (D:4)
  A wyvern skeleton (D:8)
  8 wights
  A scorpion (D:4)
  4 electric eels
  Dowan (D:5)
  A quasit (D:8)
  A giant frog zombie (D:10)
  A crimson imp (D:5)
  13 hounds
  A goliath beetle (D:9)
  3 giant frog skeletons
  3 jellies
  4 worker ants
  35 orc priests
  29 orc wizards
  11 iguanas
  A spectral orc (Lair:6)
  A two-headed ogre skeleton (Orc:3)
  A gnoll shaman (D:7)
  A killer bee zombie (D:9)
  An ogre zombie (Orc:3)
  Terence (D:2)
  A hound skeleton (D:8)
  3 worker ant zombies
  Robin (D:4)
  4 gnolls (D:7)
  17 adders
  49 river rats
  2 shadow imps
  3 worms
  2 adder skeletons (D:8)
  2 giant geckos
  6 oozes
  207 orcs
  4 ball pythons
  A bat skeleton (D:7)
  7 giant cockroaches
  26 goblins
  25 hobgoblins
  14 jackals
  21 quokkas
  16 bats
  A giant gecko zombie (D:5)
  9 giant newts
  4 giant spores
  A goblin zombie (Orc:3)
  A hobgoblin zombie (Orc:3)
  22 kobolds
  3 orc zombies (Orc:3)
  A quokka skeleton (D:7)
  A quokka zombie (D:5)
  18 rats
  3 ballistomycetes
  2 fungi
  A plant (Lair:6)
1019 creatures vanquished.

Vanquished Creatures (collateral kills)
  Gastronok (Lair:1)
  The ghost of faibistes the Magician, an average DEWz (D:4)
  An adder (D:3)
  An orc (D:4)
  2 hobgoblins
  2 goblins (D:4)
  A kobold (D:1)
9 creatures vanquished.

Vanquished Creatures (others)
  A black mamba (Lair:8)
  A human (D:2)
  A giant frog (Lair:8)
  A crimson imp (D:5)
  2 iron imps
  A river rat (Lair:1)
  A white imp (D:5)
  A rat (Lair:1)
  3 bushes (Lair:8)
  41 fungi
  21 plants
74 creatures vanquished.

Grand Total: 1102 creatures vanquished

Notes
Turn   | Place    | Note
--------------------------------------------------------------
     0 | D:1      | faibistes, the Deep Elf Wizard, began the quest for the Orb.
     0 | D:1      | Reached XP level 1. HP: 10/10 MP: 6/6
   366 | D:1      | Reached XP level 2. HP: 15/15 MP: 7/10
   464 | D:1      | Learned a level 2 spell: Blink
   467 | D:1      | Learned a level 2 spell: Call Imp
   620 | D:1      | Reached skill level 5 in Spellcasting
  1051 | D:2      | Found an ancient bone altar of Kikubaaqudgha.
  1052 | D:2      | Noticed a human
  1054 | D:2      | Killed a human
  1347 | D:1      | Reached XP level 3. HP: 19/19 MP: 12/14
  1352 | D:1      | Learned a level 3 spell: Conjure Flame
  1356 | D:1      | Learned a level 3 spell: Mephitic Cloud
  1596 | D:2      | Found a sparkling altar of Nemelex Xobeh.
  1851 | D:2      | Noticed Crazy Yiuf
  2520 | D:2      | Learned a level 2 spell: Repel Missiles
  2603 | D:2      | Reached XP level 4. HP: 24/24 MP: 13/17
  2643 | D:2      | Noticed Terence
  2652 | D:2      | Killed Terence
  3170 | D:3      | Found a bloodstained altar of Trog.
  3433 | D:3      | Reached skill level 6 in Spellcasting
  3668 | D:4      | Noticed Blork the orc
  3678 | D:4      | Killed Blork the orc
  3678 | D:4      | Reached XP level 5. HP: 28/28 MP: 10/20
  3870 | D:4      | Noticed a hippogriff
  3879 | D:4      | Killed a hippogriff
  3879 | D:4      | Reached skill level 7 in Spellcasting
  3879 | D:4      | Reached XP level 6. HP: 32/32 MP: 4/23
  3988 | D:5      | Entered Level 5 of the Dungeon
  3988 | D:5      | Noticed Duvessa
  3995 | D:5      | Noticed Dowan
  4141 | D:5      | Killed Duvessa
  4141 | D:5      | Reached skill level 1 in Fighting
  4286 | D:5      | Killed Dowan
  4376 | D:4      | Noticed faibistes' ghost (average DEWz)
  4412 | D:4      | Killed faibistes' ghost
  4412 | D:4      | Reached XP level 7. HP: 36/39 MP: 8/25
  4569 | D:4      | Noticed Grinder
  4571 | D:4      | Noticed Robin
  4592 | D:4      | Reached skill level 8 in Spellcasting
  4616 | D:4      | Killed Grinder
  4618 | D:4      | Killed Robin
  4882 | D:4      | Noticed Eustachio
  4899 | D:4      | Killed Eustachio
  4899 | D:4      | Reached skill level 5 in Dodging
  4899 | D:4      | Reached skill level 9 in Spellcasting
  5330 | D:4      | Found Naozuz's Antique Armour Emporium.
  5571 | D:4      | Reached XP level 8. HP: 46/46 MP: 24/28
  5851 | D:5      | Reached skill level 1 in Evocations
  5929 | D:5      | Found a white marble altar of Elyvilon.
  5929 | D:5      | Found a blossoming altar of Fedhas.
  6100 | D:5      | Noticed Edmund
  6337 | D:5      | Killed Edmund
  6649 | D:5      | Reached skill level 10 in Spellcasting
  7875 | D:6      | Reached XP level 9. HP: 52/52 MP: 24/30
  8282 | D:6      | Learned a level 4 spell: Iskenderun's Mystic Blast
  8589 | D:6      | Found a staircase to the Ecumenical Temple.
  8595 | Temple   | Entered the Ecumenical Temple
  8863 | D:6      | Found a glowing golden altar of the Shining One.
  8912 | D:6      | Reached skill level 5 in Fighting
  9468 | D:6      | Found an opulent altar of Gozag.
  9662 | D:6      | Reached skill level 11 in Spellcasting
 10353 | D:7      | Found a sacrificial altar of Ru.
 10906 | D:7      | Found a basalt altar of Yredelemnul.
 11659 | D:7      | Noticed Pikel
 11676 | D:7      | Killed Pikel
 11676 | D:7      | Reached skill level 5 in Evocations
 11858 | D:8      | Noticed a two-headed ogre
 11938 | D:8      | Killed a two-headed ogre
 11938 | D:8      | Reached skill level 12 in Spellcasting
 11938 | D:8      | Reached XP level 10. HP: 40/60 MP: 20/32
 12203 | D:8      | Noticed Psyche
 12728 | D:8      | Found a deep blue altar of Sif Muna.
 12733 | D:8      | Became a worshipper of Sif Muna the Loreminder
 12740 | D:8      | Learned a level 5 spell: Bolt of Magma
 13030 | D:8      | Noticed Joseph
 13042 | D:8      | Killed Psyche
 13166 | D:8      | Killed Joseph
 13166 | D:8      | Reached skill level 1 in Fire Magic
 13166 | D:8      | Reached skill level 1 in Air Magic
 13166 | D:8      | Reached skill level 1 in Earth Magic
 13299 | D:8      | Reached skill level 1 in Poison Magic
 13934 | D:9      | Acquired Sif Muna's first power
 14138 | D:10     | Entered Level 10 of the Dungeon
 14219 | D:9      | Noticed Prince Ribbit
 14222 | D:9      | Killed Prince Ribbit
 14241 | D:9      | Reached skill level 1 in Invocations
 14541 | D:9      | Found a staircase to the Lair.
 14668 | D:9      | Found a staircase to the Orcish Mines.
 14839 | D:9      | Acquired Sif Muna's second power
 15238 | D:10     | Reached XP level 11. HP: 48/66 MP: 1/34
 15917 | Lair:1   | Entered Level 1 of the Lair of Beasts
 16417 | Lair:1   | Noticed Gastronok
 16459 | Lair:1   | Killed Gastronok
 16459 | Lair:1   | Reached skill level 5 in Conjurations
 16749 | Lair:1   | Reached skill level 13 in Spellcasting
 16749 | Lair:1   | Reached skill level 1 in Charms
 17260 | Lair:1   | Noticed faibistes' ghost (powerful DEWz)
 17281 | Lair:1   | Killed faibistes' ghost
 17281 | Lair:1   | Reached skill level 5 in Earth Magic
 19466 | Lair:2   | Noticed a seven-headed hydra
 19472 | Lair:2   | Killed a seven-headed hydra
 19472 | Lair:2   | Reached skill level 5 in Fire Magic
 19472 | Lair:2   | Reached XP level 12. HP: 72/72 MP: 15/35
 19783 | Lair:2   | Acquired Sif Muna's third power
 19986 | Lair:3   | Found a hole to the Spider Nest.
 21763 | Lair:4   | Learned a level 5 spell: Lee's Rapid Deconstruction
 21767 | Lair:4   | Learned a level 3 spell: Passwall
 22130 | Lair:4   | Reached skill level 1 in Transmutations
 22651 | Lair:4   | Reached skill level 5 in Invocations
 22859 | Lair:5   | Found a staircase to the Shoals.
 23484 | Lair:5   | Reached skill level 5 in Translocations
 23619 | Lair:5   | Noticed Erica
 23627 | Lair:5   | Killed Erica
 23828 | Lair:6   | Found a deep blue altar of Sif Muna.
 24120 | Lair:6   | Noticed Nergalle
 24129 | Lair:6   | Killed Nergalle
 24279 | Lair:5   | Gained mutation: Your skin changes colour to match your surroundings (Stealth). [potion of beneficial mutation]
 24766 | Lair:7   | Reached XP level 13. HP: 65/78 MP: 25/36
 25100 | Lair:7   | Reached skill level 14 in Spellcasting
 26275 | Lair:7   | Noticed a six-headed hydra
 26415 | Lair:7   | Killed a six-headed hydra
 26740 | Lair:8   | Entered Level 8 of the Lair of Beasts
 26759 | Lair:8   | Reached skill level 5 in Charms
 26792 | Lair:7   | Received a gift from Sif Muna
 28643 | Lair:7   | Learned a level 2 spell: Swiftness
 29006 | Lair:8   | Found a staircase to the Slime Pits.
 29993 | Lair:8   | Got a scorched quarterstaff
 29994 | Lair:8   | Identified the +7 quarterstaff "Twau" {crush, rN+ Dex+2} (You found it on level 8 of the Lair of Beasts)
 30201 | Lair:8   | Reached skill level 10 in Dodging
 30627 | Lair:8   | Reached XP level 14. HP: 34/84 MP: 2/38
 31037 | Lair:8   | Received a gift from Sif Muna
 31038 | Lair:8   | Identified Sif Muna's Papyrus of Talismans (Sif Muna gifted it to you on level 8 of the Lair of Beasts)
 31045 | Lair:8   | Learned a level 5 spell: Iskenderun's Battlesphere
 31193 | Lair:8   | Got a scorched dagger
 31194 | Lair:8   | Identified the +1 dagger of Shresiod {speed, rElec rN+ Int-2 Dex+3} (You found it on level 8 of the Lair of Beasts)
 31739 | Lair:2   | Learned a level 6 spell: Iron Shot
 31809 | Orc:1    | Entered Level 1 of the Orcish Mines
 32054 | Orc:4    | Entered Level 4 of the Orcish Mines
 32313 | Orc:2    | Found a roughly hewn altar of Beogh.
 34065 | Orc:4    | Found a roughly hewn altar of Beogh.
 34201 | Orc:4    | Found Afauhenka's Assorted Antiques.
 34206 | Orc:4    | Bought a murky golden potion for 31 gold pieces
 34206 | Orc:4    | Bought a potion of heal wounds for 175 gold pieces
 34206 | Orc:4    | Bought a fuming blue potion for 31 gold pieces
 34206 | Orc:4    | Bought an onyx ring for 175 gold pieces
 34307 | Orc:4    | Found a roughly hewn altar of Beogh.
 34396 | Orc:4    | Found Skuamewn's Gadget Emporium.
 34470 | Orc:4    | Found a roughly hewn altar of Beogh.
 34536 | Orc:3    | Found a staircase to the Elven Halls.
 34686 | Orc:4    | Found a gateway to a bazaar.
 34712 | Orc:4    | Found Gowneo's Assorted Antiques.
 34725 | Bazaar   | Entered a bazaar
 34725 | Bazaar   | Found Ivusot's Antique Weapon Shop.
 34869 | Bazaar   | Found Jyrets' General Store.
 34889 | Bazaar   | Found Cufodytz's Antique Armour Shop.
 34918 | Bazaar   | Bought a wand of fireball (2) for 156 gold pieces
 34932 | Bazaar   | Bought a transparent short sword for 280 gold pieces
 34932 | Bazaar   | Identified the +8 short sword "Spiderbane" {flame, rPois} (You bought it in a shop in a bazaar)
 35554 | Orc:3    | Noticed an orc warlord
 36415 | Orc:3    | Killed an orc warlord
 36415 | Orc:3    | Reached skill level 15 in Spellcasting
 36995 | Orc:4    | Found a roughly hewn altar of Beogh.
 37013 | Orc:4    | Found Ycuim's Distillery.
 37078 | Orc:4    | Bought a potion of resistance for 150 gold pieces
 37078 | Orc:4    | Bought a potion of invisibility for 120 gold pieces
 37078 | Orc:4    | Bought a potion of heal wounds for 75 gold pieces
 37078 | Orc:4    | Bought a potion of curing for 45 gold pieces
 37078 | Orc:4    | Bought a potion of curing for 45 gold pieces
 37641 | Orc:4    | Found a roughly hewn altar of Beogh.
 37736 | Orc:4    | Found a roughly hewn altar of Beogh.
 37976 | Orc:4    | Found a roughly hewn altar of Beogh.
 38294 | Orc:4    | Found a burning altar of Makhleb.
 38369 | Orc:4    | Noticed an orc warlord
 38405 | Orc:4    | Killed an orc warlord
 38739 | Orc:4    | Found Axinlate's Antique Weapon Shop.
 38739 | Orc:4    | Found a roughly hewn altar of Beogh.
 38743 | Orc:4    | Found Miahes' Antique Armour Boutique.
 38898 | Orc:4    | Bought a blackened cloak for 266 gold pieces
 38908 | Orc:4    | Identified the +0 cloak "Quzuink" {MR+ Regen+ Stlth+} (You bought it in a shop on level 4 of the Orcish Mines)
 39134 | Elf:1    | Entered Level 1 of the Elven Halls
 40263 | Elf:1    | Identified Bezad's Disquisition on Unholy Arts
 40807 | Elf:1    | Received a gift from Sif Muna
 40942 | Elf:2    | Reached XP level 15. HP: 91/91 MP: 18/39
 41900 | Elf:1    | Identified a scroll of acquirement
 43022 | Elf:2    | Reached skill level 10 in Earth Magic
 43376 | Elf:2    | Noticed Nikola
 43385 | Elf:2    | Killed Nikola
 43385 | Elf:2    | Reached skill level 16 in Spellcasting
 43650 | Elf:2    | Found a runed gate.
 43651 | Elf:2    | Found a runed gate.
 43651 | Elf:2    | Found a runed gate.
 43662 | Elf:2    | Reached skill level 10 in Conjurations
 44215 | Shoals:1 | Entered Level 1 of the Shoals
 44256 | Shoals:2 | Received a gift from Sif Muna
 44341 | Shoals:1 | Noticed Nessos
 44349 | Shoals:1 | Shot with a poisoned arrow by Nessos

Action                   |  1- 3 |  4- 6 |  7- 9 | 10-12 | 13-15 || total
-------------------------+-------+-------+-------+-------+-------++-------
Melee: Dagger            |     2 |     1 |    10 |       |       ||    13
       Short sword       |       |       |    40 |   115 |   131 ||   286
 Cast: Magic Dart        |   106 |   104 |   399 |   146 |   215 ||   970
       Call Imp          |     2 |     9 |     4 |     1 |       ||    16
       Blink             |     2 |       |    19 |     4 |     9 ||    34
       Conjure Flame     |     3 |     5 |    20 |    72 |    35 ||   135
       Repel Missiles    |     1 |       |     1 |     1 |     2 ||     5
       Mephitic Cloud    |       |     9 |    25 |    25 |     8 ||    67
       Iskenderun's Myst |       |       |    43 |   145 |    55 ||   243
       Bolt of Magma     |       |       |       |   101 |   285 ||   386
       Lee's Rapid Decon |       |       |       |    11 |   193 ||   204
       Iskenderun's Batt |       |       |       |       |    42 ||    42
       Iron Shot         |       |       |       |       |    22 ||    22
Invok: Channel Energy    |       |       |       |    26 |    85 ||   111
Evoke: Wand              |       |       |     2 |     1 |     1 ||     4
  Use: Scroll            |     4 |       |    15 |    19 |    13 ||    51
       Potion            |       |       |       |     2 |     5 ||     7
 Stab: Confused          |       |       |     1 |     1 |     4 ||     6
       Sleeping          |       |       |       |     2 |       ||     2
  Eat: Chunk             |     5 |     5 |    20 |    39 |    61 ||   130
       Fruit             |       |       |     2 |       |       ||     2
       Pizza             |       |       |     1 |       |     2 ||     3
       Beef jerky        |       |       |       |     2 |     3 ||     5
       Bread ration      |       |       |       |       |     1 ||     1
